 Dungeon Crawl Stone Soup version 0.32-a0-540-g866d13106e (webtiles) character file.

Game seed: 1060185003031342636

19271 Pooter the Cleaver (level 12, -2/145 (162) HPs)
             Began as a Minotaur Berserker on Feb 29, 2024.
             Was an Elder of Trog.
             Slain by a cane toad (6 damage)
             ... on level 3 of the Lair of Beasts.
             The game lasted 01:08:29 (11562 turns).

Pooter the Cleaver (Minotaur Berserker)            Turns: 11562, Time: 01:08:29

HP:   -2/145 (162)  AC: 15    Str: 32    XL:     12   Next: 35%
MP:   11/11         EV:  9    Int:  4    God:    Trog [****..]
Gold: 405           SH:  5    Dex: 11    Spells: 11/11 levels left

rFire   . . .        R - +3 flail (holy)
rCold   + + +        k - +2 buckler "Reerphia" {rC+ Regen+ rCorr}
rNeg    . . .        E - +3 chain mail of Uqoqor {rC+ rCorr}
rPois   .            (helmet restricted)
rElec   .            g - scarf {harm}
rCorr   +            H - +1 pair of gloves
SInv    .            F - +0 pair of boots
Will    ++...        C - amulet of regeneration Stlth
                     w - ring "Buafaid" {Str+6 Slay+2}
HPRegen 3.04/turn    I - ring of protection from cold
MPRegen 0.12/turn

%: harm (+30% outgoing, +20% incoming)
@: berserking, strong-willed, regenerating, studying Stealth, heavily drained,
very quick
A: horns 2, retaliatory headbutt
a: Renounce Religion, Berserk, Trog's Hand, Brothers in Arms


You were on level 3 of the Lair of Beasts.
You worshipped Trog.
Trog was greatly pleased with you.
You visited 3 branches of the dungeon, and saw 16 of its levels.
You also visited: Sewer.

You collected 1014 gold pieces.
You spent 609 gold pieces at shops.

Inventory:

Hand Weapons
 a - a +2 war axe of flaming
   (You found it on level 10 of the Dungeon)
 b - a +0 sling
   (You found it on level 1 of the Dungeon)
 G - a +4 vampiric trident
   (You took it off Jeremiah on level 6 of the Dungeon)
 K - a +0 morningstar
   (You found it on level 6 of the Dungeon)
 O - the +4 flail of the Twelve Dances {chaos, rPois rC++ Dex-3 SInv}
   (You found it on level 9 of the Dungeon)

   Dex-3:     It affects your dexterity (-3).
   rC++:      It greatly protects you from cold.
   rPois:     It protects you from poison SInv: It lets you see invisible.
 R - a +3 flail of holy wrath (weapon)
   (You took it off Edmund on level 6 of the Dungeon)
Missiles
 l - 7 javelins
 r - 11 boomerangs (quivered)
 z - 30 poisoned darts
 A - 6 silver javelins
 Q - 71 stones
 S - a curare-tipped dart
 T - 2 throwing nets {!f}
Armour
 g - a scarf of harm (worn)
   (You bought it in a shop on level 7 of the Dungeon)
 k - the +2 buckler "Reerphia" (worn) {rC+ Regen+ rCorr}
   (You acquired it on level 3 of the Dungeon)

   rC+:       It protects you from cold.
   Regen+:    It increases your rate of health regeneration.
   rCorr:     It protects you from acid and corrosion.
 B - a +1 plate armour
   (You found it on level 4 of the Dungeon)
 E - the +3 chain mail of Uqoqor (worn) {rC+ rCorr}
   (You found it on level 8 of the Dungeon)

   rC+:       It protects you from cold.
   rCorr:     It protects you from acid and corrosion.
 F - a +0 pair of boots (worn)
   (You found it on level 6 of the Dungeon)
 H - a +1 pair of gloves (worn)
   (You found it on level 10 of the Dungeon)
 N - a +1 cloak
   (You bought it in a shop on level 7 of the Dungeon)
 P - the +0 chain mail of Gicrihet {rN++}
   (You found it on level 10 of the Dungeon)

   rN++:      It greatly protects you from negative energy.
Jewellery
 w - the ring "Buafaid" (left hand) {Str+6 Slay+2}
   (You acquired it on level 3 of the Dungeon)

   [ring of strength]

   Str+6:     It affects your strength (+6).
   Slay+2:    It affects your accuracy & damage with ranged weapons and melee
   (+2).
 C - an amulet of regeneration (around neck)
   (You found it on level 1 of the Dungeon)
 I - a ring of protection from cold (right hand)
   (You found it on level 8 of the Dungeon)
Wands
 d - a wand of iceblast (17)
   (You found it on level 4 of the Dungeon)
 f - a wand of flame (24)
   (You found it on level 2 of the Dungeon)
 u - a wand of paralysis (19)
   (You found it on level 5 of the Dungeon)
 x - a wand of acid (4)
   (You found it on level 7 of the Dungeon)
Scrolls
 c - 6 scrolls of vulnerability {!r}
 e - a scroll of fog
 i - 2 scrolls of identify {@r1}
 j - a scroll of noise {!r}
 p - 2 scrolls of brand weapon
 t - 4 scrolls of teleportation {@r4}
 y - a scroll of fear
 D - a scroll of poison {!r}
 J - 2 scrolls of silence
 L - 2 scrolls of immolation {!r}
 M - 5 scrolls of blinking
Potions
 h - 7 potions of curing {@q1}
 m - 2 potions of lignification {!q}
 n - 3 potions of enlightenment
 o - a potion of haste {@q3}
 q - 5 potions of heal wounds {@q2}
 s - 4 potions of ambrosia
 v - 5 potions of mutation {!q}
 U - a potion of might


   Skills:
 + Level 10.8 Fighting
 * Level 14.7 Axes
 * Level 12.9 Ranged Weapons
 - Level 2.4 Armour
 - Level 2.1 Dodging
 + Level 4.1 Stealth
 + Level 6.7 Evocations


You had 11 spell levels left.
You didn't know any spells.
Your spell library was empty.

Dungeon Overview and Level Annotations

Branches:
Dungeon (11/15) Zot: 26193  Temple (0/1) D:5            Lair (3/5) D:11 Zot: 16300
    Orc (2/2) D:9 Zot: 11835   Sewer (visited)
  Swamp: Lair:2-3    Shoals: Lair:2-3     Snake: Lair:2-3    Spider: Lair:2-3
    Elf: Orc:2

Altars:
Dithmenos
Kikubaaqudgha
Wu Jian
Xom
Beogh

Shops:
D:7 :?[[   D:10 *

Annotations:
D:5 1 runed translucent door, Crazy Yiuf
D:10 2 transporters, jejorda2's ghost, journeyman GnBe


Innate Abilities, Weirdness & Mutations

You have a pair of horns on your head.
You reflexively headbutt those who attack you in melee.


Message History

You feel drained.
* * * LOW HITPOINT WARNING * * *
A red film seems to cover your vision as you go berserk!
You feel yourself moving faster!
You feel mighty!
You are engulfed in spectral mist.
* * * LOW HITPOINT WARNING * * *
The spectral black mamba closely misses you.
You block the spectral black mamba's attack.
The spectral catoblepas barely misses you.
You furiously retaliate!
You headbutt the spectral catoblepas.
The spectral boulder beetle bites you but does no damage.
Unknown command.
You hit the spectral boulder beetle.
The spectral boulder beetle convulses.
You headbutt the spectral boulder beetle, but do no damage.
The spectral black mamba bites you but does no damage.
The ghost crab breathes spectral mist at you.
The spectral mist engulfs the spectral boulder beetle.
The spectral catoblepas gores you.
* * * LOW HITPOINT WARNING * * *
The spectral boulder beetle closely misses you.
The spectral black mamba bites you but does no damage.
You hit the spectral boulder beetle but do no damage.
You headbutt the spectral boulder beetle, but do no damage.
You are engulfed in spectral mist.
* * * LOW HITPOINT WARNING * * *
The cane toad is engulfed in spectral mist.
The spectral black mamba barely misses you.
The spectral catoblepas gores you but does no damage.
Unknown command.
You hit the ghost crab.
The ghost crab convulses.
You headbutt the ghost crab!
You are engulfed in spectral mist.
* * * LOW HITPOINT WARNING * * *
The spectral black mamba bites you.
* * * LOW HITPOINT WARNING * * *
The cane toad is engulfed in spectral mist.
The cane toad barely misses you.
You bludgeon the ghost crab!!
The ghost crab convulses.
You are engulfed in spectral mist.
The spectral black mamba barely misses you.
The spectral catoblepas gores you!
* * * LOW HITPOINT WARNING * * *
You feel drained.
* * * LOW HITPOINT WARNING * * *
Unknown command.
You barely miss the ghost crab.
You are engulfed in spectral mist.
* * * LOW HITPOINT WARNING * * *
You block the spectral black mamba's attack.
The cane toad is engulfed in spectral mist.
The cane toad stings you.
You die...

......# #...P
....
........###....
...
...............
...
#......†.......
##..
#......†....)..
#.#.
##...##.#.†.....
#..☼##.)##
##.)..#.#.
#..☼F....##
##....###
♣.ZZ@♣...P#
#....# #
♣○ZZt♣♣[.##
###.## #
♣○°○Z♣♣##.###
###### ♣.~☼.○
#...######P##
♣..♣♣.°
#...>......##
♣... ♣Z.♣
#.####..#....
♣.~ ♣♣.. ###
#####... ♣♣. .♣
##.. #P.


You could see a ghost crab, a spectral komodo dragon, a spectral black mamba, a
spectral catoblepas, a spectral boulder beetle, a spectral torpor snail
(summoned), a spectral dream sheep and a cane toad.

Vanquished Creatures
  2 hydras (Lair:2)
  A two-headed ogre (D:10)
  A skyshark (Lair:2)
  A spectral hydra (Lair:3)
  2 cane toads
  2 black mambas (Lair:2)
  Jeremiah (D:6)
  3 komodo dragons
  3 blink frogs (Lair:3)
  A spectral dream sheep (Lair:3)
  A shadow (D:9)
  4 wyverns
  30 yaks
  4 vampire mosquitoes (D:10)
  3 steam dragons
  3 wargs (Orc:1)
  An acid dragon (D:10)
  Edmund (D:6)
  8 water moccasins
  3 ice beasts
  A sky beast (D:7)
  3 black bears
  9 orc warriors
  2 ogres
  12 wolves
  3 centaurs
  3 phantoms
  3 kobold brigands
  4 bullfrogs
  2 gnoll sergeants
  2 scorpions (D:6)
  A troll zombie (D:9)
  A jelly (D:7)
  7 killer bees
  8 howler monkeys
  An electric eel (D:11)
  5 bombardier beetles
  8 orc priests
  3 gnoll boudas
  3 hounds (D:5)
  An iguana (D:4)
  Jessica (D:2)
  6 hell rats (Lair:3)
  12 orc wizards
  7 ogre zombies (D:9)
  20 gnolls
  11 adders
  2 river rats (Sewer)
  A shadow imp (D:7)
  2 white imps (D:7)
  A ribbon worm (D:4)
  3 dart slugs
  52 orcs
  2 bats
  7 endoplasms
  A giant cockroach (D:3)
  7 goblins
  6 hobgoblins
  A quokka (D:1)
  14 ball pythons
  3 frilled lizards (D:1)
  4 gnoll skeletons (D:9)
  4 gnoll zombies (D:9)
  11 kobolds
  3 orc skeletons (D:9)
  14 orc zombies (D:9)
  11 rats
363 creatures vanquished.

Notes
Turn   | Place    | Note
-------+----------+-------------------------------------------
     0 | D:1      | Pooter the Minotaur Berserker began the quest for the Orb.
     0 | D:1      | Reached XP level 1. HP: 19/19 MP: 0/0
    68 | D:1      | Reached skill level 4 in Axes
    74 | D:1      | Reached XP level 2. HP: 24/27 MP: 1/1
   186 | D:1      | Found a faded altar of an unknown god.
   313 | D:1      | Reached ** piety under Trog
   314 | D:1      | Reached XP level 3. HP: 33/33 MP: 2/2
   585 | D:2      | Noticed Jessica
   595 | D:2      | Killed Jessica
   596 | D:2      | Reached skill level 5 in Axes
   596 | D:2      | Reached skill level 1 in Ranged Weapons
   626 | D:2      | Reached XP level 4. HP: 40/40 MP: 3/3
  1090 | D:3      | Identified 2 scrolls of acquirement
  1090 | D:3      | Acquired the ring "Buafaid" {Str+6 Slay+2}
  1092 | D:3      | Acquired the +2 buckler "Reerphia" {rC+ Regen+ rCorr}
  1596 | D:3      | Found a glowing drain.
  1605 | Sewer    | Entered a sewer
  1696 | Sewer    | Noticed a kobold brigand
  1703 | Sewer    | Killed a kobold brigand
  1704 | Sewer    | Reached XP level 5. HP: 47/47 MP: 4/4
  1757 | Sewer    | Found a white marble altar of Elyvilon.
  2014 | D:3      | Reached skill level 5 in Fighting
  2014 | D:3      | Reached skill level 6 in Axes
  2286 | D:4      | Reached XP level 6. HP: 56/56 MP: 5/5
  2534 | D:4      | Reached XP level 7. HP: 61/61 MP: 6/6
  2744 | D:4      | Reached skill level 7 in Axes
  2807 | D:4      | Found a roughly hewn altar of Beogh.
  2954 | D:5      | Entered Level 5 of the Dungeon
  2969 | D:5      | Reached skill level 5 in Ranged Weapons
  3014 | D:5      | Found a staircase to the Ecumenical Temple.
  3125 | D:5      | Found a runed translucent door.
  3126 | D:5      | Noticed Crazy Yiuf
  3190 | D:5      | Reached *** piety under Trog
  3402 | D:5      | Reached skill level 8 in Axes
  3402 | D:5      | Reached skill level 1 in Evocations
  3417 | D:5      | Reached XP level 8. HP: 70/70 MP: 7/7
  3779 | D:6      | Noticed Edmund
  3784 | D:6      | Killed Edmund
  3902 | D:6      | Reached skill level 9 in Axes
  3904 | D:6      | Noticed Jeremiah
  3953 | D:6      | Killed Jeremiah
  3954 | D:6      | Reached XP level 9. HP: 67/79 MP: 8/8
  4724 | D:7      | Reached skill level 10 in Axes
  4921 | D:7      | Found Hatuuf's Antique Armour Boutique.
  4925 | D:7      | Bought a glowing cloak for 187 gold pieces
  5133 | D:7      | Found Vuaf's Antique Armour Emporium.
  5143 | D:7      | Bought an embroidered scarf for 200 gold pieces
  5163 | D:7      | Found Diti's Magic Scroll Boutique.
  5171 | D:7      | Bought a scroll of identify for 28 gold pieces
  5171 | D:7      | Bought a scroll of identify for 28 gold pieces
  5171 | D:7      | Bought a scroll of identify for 28 gold pieces
  5300 | D:7      | Found Gucaid's Book Boutique.
  5612 | D:8      | Reached skill level 11 in Axes
  5633 | D:8      | Found an ornate altar of the Wu Jian Council.
  5893 | D:8      | Reached XP level 10. HP: 74/88 MP: 9/9
  6006 | D:8      | Found a shimmering altar of Xom.
  6521 | D:8      | Identified the +3 chain mail of Uqoqor {rC+ rCorr}
  6809 | D:9      | Found a staircase to the Orcish Mines.
  6927 | D:9      | Reached **** piety under Trog
  6983 | Orc:1    | Entered Level 1 of the Orcish Mines
  6989 | Orc:1    | Reached skill level 10 in Ranged Weapons
  7091 | Orc:2    | Entered Level 2 of the Orcish Mines
  7091 | Orc:2    | Noticed an orc warlord
  7091 | Orc:2    | Noticed an orc warlord
  7107 | Orc:1    | Reached skill level 12 in Axes
  7668 | D:9      | Identified the +4 flail of the Twelve Dances {chaos, rPois
                  | rC++ Dex-3 SInv}
  7843 | D:10     | Entered Level 10 of the Dungeon
  7851 | D:9      | Reached skill level 5 in Evocations
  8082 | D:9      | Reached XP level 11. HP: 86/97 MP: 10/10
  8147 | D:10     | Reached skill level 13 in Axes
  8157 | D:10     | Identified the +0 chain mail of Gicrihet {rN++}
  8172 | D:10     | Found a shadowy altar of Dithmenos.
  8370 | D:10     | Found a transporter.
  8375 | D:10     | Noticed a seven-headed hydra
  8376 | D:10     | Noticed jejorda2's ghost (journeyman GnBe)
  8383 | D:10     | Noticed a fire dragon
  8413 | D:10     | Found a transporter.
  8699 | D:10     | Noticed a two-headed ogre
  8703 | D:10     | Killed a two-headed ogre
  9029 | D:10     | Found Ureloch's General Store.
  9037 | D:10     | Bought a scroll of enchant armour for 90 gold pieces
  9037 | D:10     | Bought a scroll of identify for 24 gold pieces
  9037 | D:10     | Bought a scroll of identify for 24 gold pieces
  9247 | D:11     | Found a staircase to the Lair.
  9825 | Lair:1   | Entered Level 1 of the Lair of Beasts
  9839 | Lair:1   | Reached skill level 10 in Fighting
 10089 | Lair:1   | Acquired a manual of Stealth
 10124 | Lair:1   | Reached skill level 1 in Stealth
 10136 | Lair:1   | Found an ornate altar of the Wu Jian Council.
 10420 | Lair:1   | Reached skill level 14 in Axes
 10634 | Lair:2   | Noticed a four-headed hydra
 10643 | Lair:2   | Killed a one-headed hydra
 10644 | Lair:2   | Reached XP level 12. HP: 86/107 MP: 11/11
 10748 | Lair:2   | Found an ancient bone altar of Kikubaaqudgha.
 10749 | Lair:2   | Noticed a six-headed hydra
 10756 | Lair:2   | Killed a four-headed hydra
 11549 | Lair:3   | Noticed a ghost crab
 11561 | Lair:3   | HP: 6/145 [spectral catoblepas (3)]
 11562 | Lair:3   | HP: 2/145 [ghost crab] (4)]
 11562 | Lair:3   | Slain by a cane toad

Illustrated notes

Levels and vault maps discovered:
D:1:      minmay_arrival_five_plusses, layout_basic,
          shapermc_ecumenical_altar_ellora, minmay_tetromino_o2
D:2:      layout_loops_ring, uniq_jessica
D:3:      layout_basic, portal_sewer_entry_d, serial_corexii_hall,
          chequers_hall_statues_wall_a, chequers_hall_statues_y,
          minmay_misc_feat_room, minmay_shallow_snake_nest
D:4:      layout_gridville, kennysheep_orc_chapel
D:5:      layout_cave_pods, minmay_temple_entry_gardened_gates,
          uniq_crazy_yiuf_cottage
D:6:      layout_rooms, uniq_edmund, uniq_jeremiah
D:7:      layout_loops_ring, serial_shops, nicolae_shop_peninsula,
          nicolae_shop_tiny_waterfront, shop, nicolae_shop_tiny_waterfront,
          minivault_11, serial_library_hellmonk_u_bend
D:8:      layout_basic, hangedman_feature_mirror, amethyst_killhole,
          minmay_chambers_of_fives
D:9:      layout_stronghold, zombieorc2_lemuel, roderic_roman_lattice
D:10:     layout_loops_ring, nicolae_dithmenos_through_a_glass_darkly,
          gammafunk_ghost_berserking_beasts, serial_shops, shop
D:11:     layout_basic, lair_entry_dummy, kennysheep_decorative_pillar
Lair:1:   layout_regular_city, basic_altar
Lair:2:   layout_cave_pods, basic_altar
Lair:3:   layout_misc_corridors, nicolae_swamp_entry_spooky,
          hellmonk_spider_entry_not_the_bees
Orc:1:    layout_caves, basic_altar, nicolae_volcano_entry_hallway,
          chequers_guarded_unrand_ignorance
Orc:2:    st_orc_elflike, layout_diamond_mine, basic_altar, serial_shops,
          shop_coins, elves_outpost_lemuel

Skill      XL: |  1  2  3  4  5  6  7  8  9 10 11 12 |
---------------+-------------------------------------+-----
Axes           | 4 5 6 8 9 11 12 14 | 14.7
Fighting       | 4 5 6 7 8 9 10 | 10.8
Ranged Weapons | 1 2 3 4 5 7 9 10 12 | 12.9
Evocations     | 1 2 4 5 6 |  6.7
Stealth        | 2 4 |  4.1
Armour         | |  2.4
Dodging        | |  2.1

Action                     |  1- 3 |  4- 6 |  7- 9 | 10-12 || total
---------------------------+-------+-------+-------+-------++-------
  Melee: Hand axe          |    21 |    71 |    50 |       ||   142
         Headbutt          |     3 |     9 |    28 |    67 ||   107
         Trident           |       |       |    62 |       ||    62
         Flail             |       |       |   117 |   212 ||   329
         War axe           |       |       |       |   144 ||   144
   Fire: Sling             |    57 |    58 |    29 |     5 ||   149
  Throw: Boomerang         |       |     2 |     8 |    60 ||    70
         Javelin           |       |     2 |     7 |       ||     9
 Invoke: Berserk           |       |     2 |     7 |    13 ||    22
         Trog's Hand       |       |     1 |     8 |    17 ||    26
  Evoke: Wand              |       |       |     8 |    12 ||    20
    Use: Scroll            |       |     6 |    14 |    10 ||    30
   Stab: Paralysed         |       |       |     3 |     2 ||     5
 Armour: Animal skin       |     8 |     6 |       |       ||    14
         Chain mail        |       |    52 |     7 |   264 ||   323
         Plate armour      |       |       |   169 |    21 ||   190
  Dodge: Dodged            |    23 |    31 |    55 |   134 ||   243
  Block: Buckler           |       |    25 |    49 |    92 ||   166

Table legend: (Time is in decaauts)
 A = Elapsed time spent in this place.
 B = Non-inter-level travel time spent in this place.
 C = Inter-level travel time spent in this place.
 D = Time resting spent in this place.
 E = Time spent auto-exploring this place.
 F = Levels seen in this place.
 G = Mean time per level.
                   A        B        C        D        E       F      G
               +--------+--------+--------+--------+--------+-----+--------+
         Total |  11868 |  11503 |    365 |   1776 |   7021 |  17 |  698.1 |
       Dungeon |   9768 |   9431 |    337 |   1498 |   5648 |  11 |  888.0 |
          Lair |   1699 |   1671 |     28 |    201 |   1202 |   3 |  566.3 |
  Orcish Mines |    164 |    164 |      0 |     24 |     74 |   2 |   82.0 |
         Sewer |    235 |    235 |      0 |     52 |     97 |   1 |  235.0 |
               +--------+--------+--------+--------+--------+-----+--------+

Top non-repeatable levels by time:
     D:9: 1373 daAuts
     D:8: 1229 daAuts
    D:10: 1006 daAuts
     D:3: 988 daAuts
     D:7: 928 daAuts
  Lair:2: 880 daAuts
     D:5: 810 daAuts
    D:11: 806 daAuts
     D:6: 789 daAuts
     D:4: 721 daAuts
  Lair:1: 683 daAuts
     D:1: 568 daAuts
     D:2: 545 daAuts
   Sewer: 235 daAuts
   Orc:1: 158 daAuts
